[Event "Late-Titled-Tuesday-Blitz-March-05-2024"]
[Site "Chess.com"]
[Date "2024.03.05"]
[Round "3"]
[White "HamedWafa4"]
[Black "Jospem"]
[Result "0-1"]
[WhiteElo "2745"]
[BlackElo "3100"]
[TimeControl "180+1"]
[EndTime "14:29:07 PST"]
[Termination "Jospem won by resignation"]

1. e4 c5 2. Nc3 d6 3. Nf3 a6 4. g3 Nc6 5. Bg2 g6 6. d4 cxd4 7. Nxd4 Bd7 8. O-O Bg7 9. Nxc6 Bxc6 10. Qd3 Nf6 11. b3 O-O 12. Bb2 Nd7 13. Rab1 Rc8 14. Rfe1 Qa5 15. a4 Rfe8 16. h3 b5 17. axb5 axb5 18.
Ra1 Qb6 19. Qd2 Qc5 20. Nd1 Bxb2 21. Nxb2 Nf6 22. Nd3 Qd4 23. Qb4 Qb6 24. Ra5 Qb8 25. Rea1 Bd7 26. Qd2 Qc7 27. R1a2 Bc6 28. Qe3 Qb8 29. Ra7 Rc7 30. Rxc7 Qxc7 31. Ra7 Qc8 32. Nb4 Bd7 33. Qd4 Bxh3 34. Nd5 Nxd5 35. Qxd5 Bxg2 36.
Kxg2 Qxc2 37. Qxb5 Qxe4+ 38. Kh2 Kf8 39. Rb7 Qf5 40. Kg2 Qxb5 41. Rxb5 Rc8 42. Kf3 f5 43. Rb7 Kf7 44. b4 Rc3+ 45. Ke2 Rb3 46. b5 h5 47. Rb8 g5 48. b6 h4 49. gxh4 gxh4 50. b7 h3 51. Kf1 Rb1+ 52. Ke2 h2 53.
Rh8 Rxb7 54. Rh7+ Ke6 55. Rxh2 Rb3 56. Rh7 Kf6 57. Rh6+ Ke5 58. Rh8 e6 59. Rc8 Rb2+ 60. Kf3 Rb3+ 61. Ke2 d5 62. Rc5 f4 63. Ra5 Ke4 64. f3+ Rxf3 0-1

[Event "Late-Titled-Tuesday-Blitz-March-05-2024"]
[Site "Chess.com"]
[Date "2024.03.05"]
[Round "3"]
[White "ozates"]
[Black "ContrVersia"]
[Result "0-1"]
[WhiteElo "2595"]
[BlackElo "2866"]
[TimeControl "180+1"]
[EndTime "14:29:07 PST"]
[Termination "ContrVersia won by resignation"]

1. e4 c5 2. Nf3 d6 3. Bb5+ Nd7 4. O-O a6 5. Bd3 Ngf6 6. Re1 e6 7. c3 b5 8. Bc2 Bb7 9. d4 Be7 10. Nbd2 Qc7 11.
h3 e5 12. dxe5 dxe5 13. Nf1 O-O 14. Ne3 Rfd8 15. Nf5 Bf8 16. Bg5 h6 17. Bh4 g6 18.
Ne3 Re8 19. Nd5 Qc6 20. c4 Bg7 21. Bb3 Nxd5 22. exd5 Qd6 23. Nd2 f5 24. f3 b4 25.
Bc2 Nf6 26. Bg3 Nh5 27. Bh2 Re7 28. Qe2 Rae8 29. Qf2 Nf4 30. Re3 Bc8 31. Rae1 Bd7 32. Nb3 g5 33. Bxf4 gxf4 34. R3e2 Rc8 35. Qh4 Bf6 36. Qh5 Rg7 37. Qxh6 e4 38. Kh1 e3 39.
Nc1 Rh7 40. Qg6+ Kh8 41. Bxf5 Bxf5 42. Qxf5 Rf8 43. Qe6 Qxe6 44. dxe6 Rd8 45. Nb3 Rh5 46.
Na5 Rd6 47. a3 bxa3 48. bxa3 Bc3 49. Nb7 Rb6 50. Nxc5 Rxc5 51. e7 Re5 52. Rc1 Bd4 53. Rd1 Rd6 54. c5 Bxc5 55. Rc1 Rdd5 56. Rec2 Bxe7 57.
Rc8+ Kg7 58. R8c4 e2 59. Re1 Rd1 0-1

[Event "Late-Titled-Tuesday-Blitz-March-05-2024"]
[Site "Chess.com"]
[Date "2024.03.05"]
[Round "3"]
[White "PepeCuenca"]
[Black "Eliwood44"]
[Result "0-1"]
[WhiteElo "2700"]
[BlackElo "2519"]
[TimeControl "180+1"]
[EndTime "14:29:07 PST"]
[Termination "Eliwood44 won on time"]

1. d4 Nf6 2. Bf4 e6 3. e3 d5 4. Nf3 Bd6 5. Ne5 c5 6. Bb5+ Ke7 7. O-O c4 8. Ba4 Bd7 9. Bxd7 Nbxd7 10. Nxf7 Kxf7 11.
Bxd6 Qb6 12. Ba3 h5 13. Nd2 h4 14. h3 Rh6 15. Nf3 Rah8 16. b3 c3 17. Ng5+ Kg8 18.
Qe1 Rg6 19. f4 Qa5 20. Be7 Ne4 21. Nxe4 dxe4 22. Bxh4 Qh5 23. Bg3 Nf6 24. Kh1 Nd5 25.
Bh2 Ne7 26. Rg1 Nf5 27. Qf2 Rgh6 28. a4 Qf7 29. b4 Rh4 30. Ra3 Qc7 31. Qe1 R8h5 32.
Qxc3 Qf7 33. Qe1 Qg6 34. Qf2 Qh6 35. c4 Kh7 36. c5 g5 37. fxg5 Rxg5 38. b5 Qg6 39. g4 Rxh3 40. gxf5 Rxg1+ 41. Qxg1 Qxf5 42. Qg2 Rf3 43. Ra1 Rf2 44. Qg3 Rf3 45. Qh4+ Kg8 46. Rg1+ Kf7 47. Bf4 Rh3+ 48. Qxh3 Qxh3+ 49. Bh2 Qf3+ 50.
Rg2 Qxe3 51. Be5 Qh3+ 52. Kg1 Qe3+ 53. Rf2+ Ke7 54. Kg2 Qg5+ 55. Kf1 Qg4 56. Ke1 e3 57. Rf7+ Kxf7 0-1

[Event "Late-Titled-Tuesday-Blitz-March-05-2024"]
[Site "Chess.com"]
[Date "2024.03.05"]
[Round "3"]
[White "Qvalda"]
[Black "Kgutierrez95"]
[Result "1-0"]
[WhiteElo "2436"]
[BlackElo "2206"]
[TimeControl "180+1"]
[EndTime "14:29:07 PST"]
[Termination "Qvalda won by resignation"]

1. d4 d5 2. c4 c6 3. cxd5 cxd5 4. Nc3 Nf6 5. Bf4 e6 6. e3 Bd7 7. Rc1 Be7 8. Nf3 O-O 9. Bd3 Nc6 10. h3 a6 11. O-O b5 12. Bb1 Re8 13. Ne5 Rc8 14. g4 Bf8 15. g5 Nh5 16. Qxh5 g6 17. Qh4 Nxe5 18. Bxe5 b4 19. Bf6 Qa5 20. Ne2 Bb5 21.
Qg4 b3 22. axb3 Qd2 23. Rce1 Qxb2 24. Kg2 Bb4 25. Rg1 Bxe1 26. Rxe1 Bxe2 27. Qxe2 Qxe2 28. Rxe2 Rc1 29. Bd3 a5 30. Ra2 Ra8 31. b4 a4 32.
b5 Rc3 33. Bf1 Rb3 34. Be7 h6 35. gxh6 Kh7 36. Bc5 Kxh6 37. b6 Kg7 38. Be2 Kf6 39. Bd1 Rb5 40. Rxa4 Rxa4 41. Bxa4 Rb1 42. Bc6 e5 43. b7 Ke6 44. Ba7 Kd6 45. b8=Q+ Rxb8 46. Bxb8+ Kxc6 47. Bxe5 Kd7 48. Kg3 Ke6 49. Bb8 f6 50. Ba7 f5 51. Bc5 g5 52. h4 gxh4+ 53. Kxh4 Kf6 54. Kg3 Kg6 55. Kf4 Kf6 56. Ba3 Ke6 57.
Kg5 f4 58. Kxf4 1-0

[Event "Late-Titled-Tuesday-Blitz-March-05-2024"]
[Site "Chess.com"]
[Date "2024.03.05"]
[Round "3"]
[White "chucksterf10"]
[Black "GiorgianBarbosa"]
[Result "1/2-1/2"]
[WhiteElo "2567"]
[BlackElo "2426"]
[TimeControl "180+1"]
[EndTime "14:29:08 PST"]
[Termination "Game drawn by repetition"]

1. h3 d5 2. Nf3 c5 3. e3 Nc6 4.
Bb5 Nf6 5. O-O Bd7 6. b3 g6 7. Bb2 Bg7 8. d4 Ne4 9. Nbd2 O-O 10. Nxe4 dxe4 11. Nd2 cxd4 12. Nxe4 dxe3 13. Bxg7 exf2+ 14. Rxf2 Kxg7 15. Nc5 Bf5 16. Nxb7 Qb6 17.
Bxc6 Qxc6 18. Qd4+ Kg8 19. Na5 Qc7 20. Nc4 Rad8 21.
Qe5 Qxe5 22. Nxe5 f6 23. Nc6 Rd7 24. c4 e5 25. Raf1 Kg7 26. g4 Be4 27. Nxe5 Re7 28.
Nf3 Rd8 29. Re1 Rd3 30. Nd2 f5 31. gxf5 gxf5 32. Kh2 Kg6 33. Rfe2 Rd4 34. Kg3 Kf6 35. Nxe4+ fxe4 36. Kf4 e3+ 37. Kf3 Rh4 38. Kg3 Rhe4 39. Kf3 Rh4 40. Rxe3 Rxh3+ 41. Kf4 Rexe3 42. Rxe3 Rh2 43.
a4 h5 44. c5 Rc2 45. b4 h4 46. a5 a6 47. Rb3 h3 48. Kg3 h2 49. Rb1 Ke5 50. Rh1 Rb2 51. Rxh2 Rb3+ 52. Kf2 Rxb4 53. Rh6 Kd5 54. Rh5+ Kc6 55. Ke3 Ra4 56. Kd3 Rxa5 57. Kc4 Ra4+ 58. Kb3 Rg4 59. Rf5 a5 60. Ka3 a4 61.
Rh5 Kb5 62. Rf5 Rg3+ 63. Ka2 a3 64. Rh5 Kb4 65. c6 Rg2+ 66. Kb1 a2+ 67. Ka1 Rc2 68.
Rh4+ Kb3 69. Rh3+ Kb4 70. Rh6 Kb3 71. Rh3+ Kb4 72. Rh1 Rxc6 73. Kxa2 Rc2+ 74. Kb1 Rg2 75. Rh3 Kc4 76. Kc1 Kd4 77. Kd1 Ke4 78. Ke1 Ra2 79. Rb3 Kd4 80. Rf3 Ke4 81. Rg3 Kd4 82. Kd1 Ke4 83. Rh3 Rg2 84. Ke1 Ra2 85. Rb3 Kf4 86.
Kf1 Ke4 87. Rb4+ Kf3 88. Ke1 Ke3 89. Kd1 Kd3 90. Ke1 Re2+ 91. Kf1 Ra2 92. Rb3+ Kc4 93.
Rh3 Kd4 94. Ke1 Ke4 1/2-1/2

[Event "Late-Titled-Tuesday-Blitz-March-05-2024"]
[Site "Chess.com"]
[Date "2024.03.05"]
[Round "3"]
[White "picturesquecheck"]
[Black "yaguigor"]
[Result "0-1"]
[WhiteElo "2418"]
[BlackElo "2575"]
[TimeControl "180+1"]
[EndTime "14:29:08 PST"]
[Termination "yaguigor won on time"]

1. e4 e5 2. Nf3 Nc6 3. Bb5 f5 4. Nc3 fxe4 5. Nxe4 d5 6. Nxe5 dxe4 7. Nxc6 Qg5 8. Qe2 Nf6 9. f4 Qxf4 10. d4 Qh4+ 11.
g3 Qh3 12. Ne5+ c6 13. Bc4 Be6 14. Bxe6 Qxe6 15. c3 Bd6 16. Bf4 O-O 17. O-O Rae8 18.
Rae1 Qxa2 19. Ra1 Qd5 20. Rxa7 c5 21. Qc4 cxd4 22. cxd4 Qxc4 23. Nxc4 Bxf4 24. gxf4 Nd5 25. Rxb7 e3 26. Re1 Rxf4 27. Rd7 Rxd4 28. Nxe3 Rd3 29.
Ng2 Rb8 30. Re5 Nf4 31. Rxd3 Nxd3 32. Re7 Rxb2 33. Ne3 Rb1+ 34. Kg2 Nf4+ 35. Kf3 Ng6 36. Ra7 Rb5 37. Kg2 h6 38. Nc4 Rg5+ 39. Kf2 Rh5 40. Kg3 Rg5+ 41. Kf2 Nh4 42. Ne3 Kh7 43.
Ra4 Ng6 44. Rg4 Ra5 45. Rb4 Ne5 46. Kg2 Ra3 47. Nc4 Ra2+ 48. Kg3 Nd3 49. Rb7 Ne1 50. Nd6 Rg2+ 51. Kh3 Rg5 52. Ne8 Rg6 53. Re7 Nf3 0-1

[Event "Late-Titled-Tuesday-Blitz-March-05-2024"]
[Site "Chess.com"]
[Date "2024.03.05"]
[Round "3"]
[White "KNVB"]
[Black "Bilan_Danila"]
[Result "1-0"]
[WhiteElo "2811"]
[BlackElo "2549"]
[TimeControl "180+1"]
[EndTime "14:29:09 PST"]
[Termination "KNVB won by resignation"]

1. d4 d5 2. Bf4 Nf6 3. e3 c5 4. c3 Nc6 5. Nd2 cxd4 6. exd4 Bf5 7. Qb3 Qc8 8. Ngf3 e6 9. Be2 Be7 10. O-O O-O 11. a4 Na5 12. Qd1 a6 13. Re1 Nc4 14. Nxc4 dxc4 15. a5 Be4 16. Ne5 Bd5 17. Bg3 Nd7 18.
Bf3 Nxe5 19. Rxe5 Bd6 20. Rxd5 Bxg3 21. Rc5 Bc7 22. Qe2 Rb8 23. Qxc4 Bxh2+ 24. Kxh2 Qd7 25. Re1 b5 26. axb6 Rxb6 27. b4 g6 28. g3 h5 29.
Kg2 Rd8 30. Rg5 Qe7 31. Qc5 Rbd6 32. Bxh5 Kh7 33. Bf3 Qf6 34. Rh1+ Kg7 35. Qe5 Qxe5 36. Rxe5 Rc8 37. Rc5 Rb8 38. Ra1 f6 39. Rca5 Rc8 40.
Rc5 Rb8 41. Rc6 Rxc6 42. Bxc6 Rc8 43. Rxa6 g5 44. b5 g4 45. b6 Rxc6 46. b7 Rxa6 47.
b8=Q Kg6 48. Qg8+ Kf5 49. Qh7+ Kg5 50. Qd3 Ra2 51. c4 f5 52. Qe3+ Kf6 53. d5 e5 54.
d6 Ke6 55. c5 Rc2 56. Qb3+ 1-0

[Event "Late-Titled-Tuesday-Blitz-March-05-2024"]
[Site "Chess.com"]
[Date "2024.03.05"]
[Round "3"]
[White "Charodej1"]
[Black "KerryStead"]
[Result "1-0"]
[WhiteElo "2332"]
[BlackElo "2041"]
[TimeControl "180+1"]
[EndTime "14:29:10 PST"]
[Termination "Charodej1 won on time"]

1. e4 c6 2. d4 d5 3. exd5 cxd5 4. c4 Nf6 5. Nc3 Nc6 6. Nf3 Bf5 7. Bg5 e6 8. Be2 Bb4 9. O-O Bxc3 10. bxc3 h6 11.
Bh4 Ne7 12. Ne5 Qa5 13. Qb3 b6 14. cxd5 Nfxd5 15. Bb5+ Kf8 16. Nd7+ Kg8 17. c4 g5 18. Bg3 Nf4 19. Bxf4 gxf4 20. c5 Nd5 21. Bc6 Rc8 22. Bxd5 exd5 23. Qxd5 Be6 24. Qb7 Kg7 25. c6 Bd5 26.
Ne5 Rhf8 27. Qd7 Be6 28. Qe7 Qd5 29. Rfd1 Rfe8 30. Qh4 Rc7 31. Qxf4 Rxc6 32. Nxc6 Qxc6 33. Qe5+ f6 34. Qg3+ Kf7 35. Qh4 Qd5 36. Qxh6 Rg8 37. g3 Bd7 38. Qh7+ Rg7 39. Qd3 Bc6 40. f3 Kf8 41. Rac1 Qxf3 42. Qxf3 Bxf3 43. Rf1 Bd5 44. a3 Rf7 45. Rf5 Be6 46. Rf4 Kg7 47. Kf2 Kg6 48.
Re4 Bd5 49. Re8 Rd7 50. Rec8 Be6 51. Ke3 Bf5 52. R8c7 Rd5 53. Rxa7 1-0

[Event "Late-Titled-Tuesday-Blitz-March-05-2024"]
[Site "Chess.com"]
[Date "2024.03.05"]
[Round "3"]
[White "Tugrik1969"]
[Black "jk13"]
[Result "1-0"]
[WhiteElo "2405"]
[BlackElo "2647"]
[TimeControl "180+1"]
[EndTime "14:29:11 PST"]
[Termination "Tugrik1969 won on time"]

1. d4 d5 2. c4 c6 3. Nf3 Nf6 4. Nc3 e6 5. g3 Nbd7 6. Qd3 b6 7. Bg2 Bb7 8. O-O Bb4 9. Nd2 c5 10. cxd5 Bxc3 11. bxc3 Bxd5 12. e4 Bb7 13. d5 exd5 14.
exd5 O-O 15. c4 Re8 16. Bb2 Ne5 17. Qc3 Qd6 18. Rfe1 Ng6 19. Ne4 Rxe4 20. Bxe4 h5 21.
Bxg6 fxg6 22. Re6 Qf8 23. Rae1 Rd8 24. Qf3 Bc8 25. Bxf6 Bxe6 26. dxe6 Re8 27. Qd5 Qxf6 28. e7+ Qf7 29. a4 g5 30. Qxg5 Qxc4 31. Qxh5 Qf7 32.
Qe5 Qf6 33. Qc7 a5 34. h4 Kf7 35. h5 Rxe7 36. Rxe7+ Qxe7 37. Qxb6 Qe1+ 38. Kg2 Qb4 39. Qg6+ Kf8 40. Qd6+ Ke8 41. Qe6+ Kf8 42. Qd6+ Kf7 43. Qd5+ Kf6 44. Qd6+ Kf5 45. Qg6+ Ke5 46. Qxg7+ Ke4 47. h6 Qb3 48. Qg6+ Ke5 49. Qg5+ Kd6 50. Qf6+ Kc7 51. h7 Qd5+ 52. Kh2 Qh5+ 53. Qh4 Qf3 54. Qf4+ Qxf4 55. gxf4 1-0

[Event "Late-Titled-Tuesday-Blitz-March-05-2024"]
[Site "Chess.com"]
[Date "2024.03.05"]
[Round "3"]
[White "nindjaxx8"]
[Black "elmusmolamas"]
[Result "1-0"]
[WhiteElo "2700"]
[BlackElo "2495"]
[TimeControl "180+1"]
[EndTime "14:29:13 PST"]
[Termination "nindjaxx8 won by resignation"]

1. d4 c5 2. e3 cxd4 3. exd4 d5 4. Nf3 Nc6 5. c4 Nf6 6. Nc3 Bg4 7. Be3 e6 8. cxd5 Nxd5 9. Bd3 Nxe3 10. fxe3 Be7 11. O-O O-O 12. Rc1 Bh5 13. Qe2 Rc8 14. Rf2 a6 15.
Rcf1 Qd6 16. Ne4 Qd5 17. Nc3 Qd6 18. Qe1 b5 19. Ne4 Qd5 20. Nc3 Qd6 21. Nd2 Bg6 22.
Bxg6 hxg6 23. Nde4 Qd7 24. Rf3 b4 25. Na4 Qd5 26.
Nec5 Qxa2 27. Rh3 Rcd8 28. Qf2 Rd5 29. Rf3 Rf5 30. g4 Rxf3 31. Qxf3 Qd5 32. Qf2 a5 33. Nb6 Qg5 34. h3 Qh4 35. Qf3 Nb8 36. Kg2 Bd6 37.
Nbd7 Bxc5 38. Nxc5 Qd8 39. Kg1 Qd5 40. Qf2 Nd7 41. Nd3 b3 42. Nf4 Qe4 43. Ra1 Nf6 44. Rxa5 Nd5 45. Nxd5 exd5 46. Rc5 Qb1+ 47. Kh2 Qe4 48.
Rc3 Re8 49. Rxb3 Re6 50. Rb8+ Re8 51. Rb7 f6 52. b4 Rc8 53. Kg3 Rc2 54. Qf3 Qd3 55.
g5 Kh7 56. gxf6 Qd2 57. Rxg7+ Kh8 58. Rxg6 Qe1+ 59. Kg4 Qg1+ 60. Kf5 Rf2 61. Rxg1 Rxf3+ 62. Ke6 Rxe3+ 63. Kf7 Re4 64. Rg4 Rxd4 65. Rxd4 1-0

[Event "Late-Titled-Tuesday-Blitz-March-05-2024"]
[Site "Chess.com"]
[Date "2024.03.05"]
[Round "3"]
[White "MikeSailer"]
[Black "Akhayan"]
[Result "1-0"]
[WhiteElo "2190"]
[BlackElo "2388"]
[TimeControl "180+1"]
[EndTime "14:29:14 PST"]
[Termination "MikeSailer won on time"]

1. d4 f5 2. Nc3 Nf6 3. Bg5 e6 4. e4 fxe4 5. Nxe4 Be7 6. Bxf6 Bxf6 7. Bd3 d5 8. Qh5+ g6 9. Nxf6+ Qxf6 10. Qe2 Qxd4 11.
O-O-O Qf6 12. h4 Nc6 13. h5 g5 14. h6 Bd7 15. Qh5+ Ke7 16. Rh3 Ne5 17. Nf3 Nxd3+ 18. Rxd3 Rag8 19. Nd2 g4 20. Rhe3 c6 21. Qh2 Rc8 22. f3 Rhf8 23. fxg4 Qf2 24. b3 Qf6 25. Kb1 Qf2 26. Qe5 Qg1+ 27. Kb2 Rf7 28. Qg5+ Kd6 29. Qe5+ Ke7 30. Qg5+ Ke8 31. Nf3 Qxg2 32. Ne5 Rf2 33. Qg8+ Rf8 34. Qg7 Rc7 35. Qxh7 Kd8 36. Qg6 Re8 37.
Qg5+ Kc8 38. Nf7 Kb8 39. h7 Qh2 40. h8=Q Rxh8 41. Nxh8 Qxh8+ 42. c3 Qf8 43. Rf3 Qc5 44. Qg8+ Bc8 45. Rf7 Qd6 46. Rdf3 Rd7 47. Rxd7 Qxd7 48. Rf8 Qc7 49. g5 Qh2+ 50. Ka3 Qd6+ 51. b4 Qc7 52.
Rxc8+ Qxc8 53. Qxc8+ Kxc8 54. g6 Kd7 55. g7 Kd6 56.
g8=Q Kc7 57. Qf7+ Kb6 58. Qxe6 1-0

[Event "Late-Titled-Tuesday-Blitz-March-05-2024"]
[Site "Chess.com"]
[Date "2024.03.05"]
[Round "3"]
[White "szachmistrz2500"]
[Black "sotochess"]
[Result "1/2-1/2"]
[WhiteElo "2435"]
[BlackElo "2577"]
[TimeControl "180+1"]
[EndTime "14:29:18 PST"]
[Termination "Game drawn by repetition"]

1. d4 d5 2. c4 c6 3. Nf3 Nf6 4. Qc2 g6 5. Nc3 Bg7 6. Bf4 dxc4 7. a4 Na6 8. e3 Nd5 9. Bg3 Nab4 10. Qd1 Nxc3 11.
bxc3 Nd5 12. Bxc4 Nxc3 13. Qb3 Nd5 14. e4 Qa5+ 15. Kf1 Nf6 16. Bxf7+ Kf8 17. Re1 Nh5 18. Be5 Bf6 19. h3 Kg7 20. g4 Rf8 21. Be6 Bxe5 22. gxh5 Bxe6 23. Qxe6 Rxf3 24. Qxe7+ Rf7 25. h6+ Kg8 26.
Qxe5 Qxe5 27. dxe5 Re8 28. Kg2 Rxe5 29. Rhf1 Rg5+ 30.
Kh2 Rf3 31. Re3 Rxe3 32. fxe3 Ra5 33. Rd1 Rxa4 34. Rd8+ Kf7 35. Rd7+ Kf6 36. Rxb7 Rxe4 37. Rxh7 Rxe3 38. Rxa7 c5 39. Ra8 Re7 40. Rc8 Kg5 41.
Rxc5+ Kxh6 42. Kg3 Re3+ 43. Kg4 Re1 44. Rc4 Rf1 45.
Kg3 Kg5 46. Rc5+ Kh6 47. Rc8 Kg7 48. Rc7+ Kh6 49. Rc8 Ra1 50. Rh8+ Kg5 51. Rc8 Ra3+ 52. Kg2 Kf4 53. Rc4+ Kg5 54. Rc5+ Kh4 55. Rc4+ Kh5 56. Rb4 g5 57. Rc4 Ra2+ 58. Kg3 Ra3+ 59. Kg2 Rb3 60. Rd4 Rb2+ 61. Kg3 Rb3+ 62. Kg2 Ra3 63.
Rc4 1/2-1/2

[Event "Late-Titled-Tuesday-Blitz-March-05-2024"]
[Site "Chess.com"]
[Date "2024.03.05"]
[Round "3"]
[White "Heydarli77"]
[Black "Nouali_Mohamed"]
[Result "1-0"]
[WhiteElo "2390"]
[BlackElo "2548"]
[TimeControl "180+1"]
[EndTime "14:29:20 PST"]
[Termination "Heydarli77 won by checkmate"]

1. d4 d5 2. c4 e6 3. Nc3 Nf6 4. Bg5 Be7 5. e3 O-O 6. Nf3 c6 7. Qc2 Nbd7 8. c5 Nh5 9. Bxe7 Qxe7 10. Bd3 g6 11. b4 e5 12. Be2 exd4 13. Nxd4 Ng7 14.
O-O a6 15. Rfe1 Nf6 16. Bd3 Qe5 17. a4 Ng4 18. Nf3 Qh5 19. b5 axb5 20. axb5 Rxa1 21. Rxa1 Ne6 22. bxc6 bxc6 23. Ne2 Ng5 24. Ned4 Ne4 25. Bxe4 dxe4 26. Qxe4 Qxc5 27. Qxc6 Qb4 28. h3 Qb2 29. Rf1 Nh6 30. Ng5 Nf5 31. Rd1 Bb7 32. Qf6 Nh4 33. g3 Ng2 34. Ngf3 Ra8 35. Kxg2 h5 36. Qf4 Ra3 37.
Re1 Ra2 38. Re2 Qb1 39. Rxa2 Qxa2 40. Qb8+ Kg7 41. Qxb7 h4 42. gxh4 Kh6 43. Qe7 f6 44.
Qxf6 Kh7 45. Qe7+ Kh6 46. Qf6 Kh7 47. Ng5+ Kg8 48. Qd8+ Kg7 49. Nde6+ Qxe6 50. Nxe6+ Kf7 51. Qd7+ Kf6 52. Nf4 g5 53. Qe6+ Kg7 54. hxg5 Kh8 55.
Qd7 Kg8 56. Ne6 Kh8 57. Qg7# 1-0

[Event "Late-Titled-Tuesday-Blitz-March-05-2024"]
[Site "Chess.com"]
[Date "2024.03.05"]
[Round "3"]
[White "rdarruda"]
[Black "Sajkochess"]
[Result "1/2-1/2"]
[WhiteElo "2521"]
[BlackElo "2339"]
[TimeControl "180+1"]
[EndTime "14:29:20 PST"]
[Termination "Game drawn by stalemate"]

1. Nf3 Nf6 2. d4 e6 3. g3 d5 4. Bg2 c5 5. O-O cxd4 6. Nxd4 e5 7. Nb3 Nc6 8. Bg5 Be6 9. Nc3 d4 10. Ne4 Be7 11. Nec5 Bxb3 12. Nxb3 O-O 13. e3 h6 14. Bxf6 Bxf6 15. Nc5 Qe7 16. Ne4 dxe3 17. fxe3 Bg5 18. Nxg5 Qxg5 19. Qe2 Rad8 20. Rad1 Qg6 21. Rd5 e4 22. Rfd1 f5 23. Qb5 Rxd5 24. Rxd5 Qf7 25. Bh3 g6 26. Qc5 Rd8 27. Rxd8+ Nxd8 28. Bf1 b6 29.
Qc8 Qe7 30. Bc4+ Kg7 31. Kf2 Nf7 32. c3 Ne5 33. Qg8+ Kf6 34. Qh8+ Kg5 35. h4+ Kh5 36.
Be2+ Ng4+ 37. Kg2 Qd6 38. Qd4 Qxd4 39. exd4 g5 40. hxg5 hxg5 41. c4 f4 42. Bxg4+ Kxg4 43. c5 f3+ 44. Kf2 e3+ 45. Kxe3 Kxg3 46. c6 f2 47. c7 f1=Q 48. c8=Q Qe1+ 49. Kd3 Qd1+ 50. Ke4 Qe2+ 51. Kd5 Qf3+ 52. Kd6 Qf4+ 53. Ke7 Qe4+ 54. Kf6 Qxd4+ 55. Kxg5 Qxb2 56. Qb8+ Kf3 57. Qxa7 Qb5+ 58. Kf6 Qb2+ 59. Ke6 b5 60. Kd5 b4 61. Qd4 Qxd4+ 62. Kxd4 Kf4 63. Kc4 Ke5 64. Kxb4 Kd6 65. Kb5 Kc7 66. Ka6 Kb8 67. Kb6 Ka8 68. a4 Kb8 69. a5 Ka8 70. a6 Kb8 71. a7+ Ka8 72. Ka6 1/2-1/2

[Event "Late-Titled-Tuesday-Blitz-March-05-2024"]
[Site "Chess.com"]
[Date "2024.03.05"]
[Round "3"]
[White "ChessSwole"]
[Black "ninguno46"]
[Result "0-1"]
[WhiteElo "2717"]
[BlackElo "2524"]
[TimeControl "180+1"]
[EndTime "14:29:23 PST"]
[Termination "ninguno46 won by resignation"]

1. d4 Nf6 2. c4 e6 3. Nc3 Bb4 4. e3 b6 5. Ne2 Ba6 6. a3 Bxc3+ 7. Nxc3 d5 8. b3 O-O 9. Be2 Nc6 10. O-O dxc4 11.
bxc4 Na5 12. Qa4 Qd7 13. Nb5 c6 14. Nc3 c5 15. Nb5 Bxb5 16. cxb5 cxd4 17. Rd1 Qd5 18. Bf3 Qb3 19. Qxd4 Rac8 20. Bd2 Qxb5 21. Rab1 Qa6 22. Bb4 Rfe8 23. h4 h6 24. Qf4 e5 25. Qf5 e4 26.
Bg4 Rc6 27. Bh3 Qc4 28. Bxa5 bxa5 29. Qxa5 Ra6 30. Qb4 Qxb4 31. axb4 Rb6 32. Rd4 Reb8 33. Ra1 Rxb4 34. Rxb4 Rxb4 35. Rxa7 g6 36. g3 Rb1+ 37. Kg2 Rb2 38. Bc8 h5 39. Bh3 Nd5 40. Kg1 Rb1+ 41.
Bf1 Rb2 42. Bc4 Rd2 43. Rd7 Rd1+ 44. Kh2 Nxe3 45. Rxf7 Nxc4 46. Rf4 Nd2 47. Kg2 Kg7 48. Kh2 Re1 49. Kg2 Re2 50. Kg1 Nf3+ 51. Kg2 g5 52. hxg5 Nxg5 53. Rf5 Kg6 54. Ra5 e3 55. Ra6+ Kf7 56.
Ra7+ Kf6 57. Ra6+ Ne6 58. Kf1 Rxf2+ 59. Kg1 Rf3 60. Kg2 Rf2+ 61. Kg1 Rc2 62. Ra5 e2 63.
Kf2 Ng5 64. Ra6+ Kf5 65. Ra5+ Kg4 66. Ra4+ Kf5 67. Ra5+ Kf6 68. Ra6+ Ne6 69. Ra5 Rc3 70. Kxe2 Rxg3 71. Rxh5 Nf4+ 72. Kf2 Nxh5 0-1

[Event "Late-Titled-Tuesday-Blitz-March-05-2024"]
[Site "Chess.com"]
[Date "2024.03.05"]
[Round "3"]
[White "LikeWater"]
[Black "MatthewG-p4p"]
[Result "1-0"]
[WhiteElo "2698"]
[BlackElo "2887"]
[TimeControl "180+1"]
[EndTime "14:29:26 PST"]
[Termination "LikeWater won on time"]

1. e4 e6 2. d4 d5 3. e5 c5 4. c3 Qb6 5. Nf3 Nc6 6. Bd3 cxd4 7.
O-O Bd7 8. Nbd2 dxc3 9. bxc3 Na5 10. Rb1 Qc7 11. Re1 Ne7 12. Nb3 Nxb3 13. axb3 Qxc3 14. h4 Nc6 15. h5 h6 16. Bf4 Qb4 17. Bd2 Qb6 18.
b4 Nxb4 19. Bf1 a5 20. Be3 Bc5 21. Nd4 Rc8 22. Qg4 Kf8 23. Rec1 Kg8 24. Rc3 Qd8 25. Rbc1 b6 26. f4 Na2 27. f5 exf5 28. Nxf5 Bxf5 29.
Qxf5 Nxc1 30. e6 Rc7 31. Bxc5 bxc5 32. Rxc5 Re7 33. Rc8 Qxc8 34. exf7+ Rxf7 35. Qxc8+ Rf8 36. Qe6+ Rf7 37. Qc8+ Rf8 38. Qxc1 Kf7 39. Qc7+ Kf6 40. Qd6+ Kg5 41. Qxd5+ Rf5 42. Qd2+ Kf6 43. Bd3 Rg5 44. Qf4+ Ke7 45. Qe3+ Kf6 46. Qd4+ Ke7 47. Qa7+ Kf6 48. Qb6+ Ke7 49. Qc7+ Ke6 50. Bc4+ Kf5 51. Qf7+ Ke4 52. Qf3+ Kd4 53. Qf4+ Kc3 54. Be2 a4 55. Qxa4 Kd2 56. Bf3 Rd8 57. Qb4+ Kc2 58. Qe4+ Kd2 59. Qe7 1-0

[Event "Late-Titled-Tuesday-Blitz-March-05-2024"]
[Site "Chess.com"]
[Date "2024.03.05"]
[Round "3"]
[White "Englishman_18"]
[Black "AlexTruskavetsky"]
[Result "0-1"]
[WhiteElo "2285"]
[BlackElo "2697"]
[TimeControl "180+1"]
[EndTime "14:29:30 PST"]
[Termination "AlexTruskavetsky won by resignation"]

1. Nf3 Nf6 2. c4 e6 3. g3 d5 4. Bg2 dxc4 5. Qa4+ Bd7 6. Qxc4 c5 7. O-O Bc6 8. d3 Nbd7 9. Qc2 Be7 10. Nc3 O-O 11.
e4 Rc8 12. Be3 b5 13. Rfd1 Qa5 14. Rac1 b4 15. Ne2 Nb6 16. b3 Bb7 17. Nd2 Ng4 18. Nc4 Nxc4 19. Qxc4 Nxe3 20. fxe3 Bg5 21. Nf4 e5 22.
Nd5 Bxd5 23. exd5 Bxe3+ 24. Kh1 Bxc1 25. Rxc1 Rfd8 26. Qg4 Qb6 27. Rf1 Qg6 28. Qe2 Re8 29. Be4 Qd6 30. Qf3 Rc7 31. h4 a5 32. g4 a4 33. g5 axb3 34. axb3 Ra8 35. h5 g6 36. Qh3 Ra3 37. Rf6 Qd8 38. hxg6 fxg6 39.
Qe6+ Kh8 40. Qxe5 Rg7 41. Re6 Ra8 42. d6 Rb8 43. d7 Qxd7 44. Qxb8+ Rg8 45. Qe5+ Qg7 46.
Qxg7+ Kxg7 47. Re7+ Kh8 48. Bd5 Rf8 49. Bc4 h5 50. Kg2 Rf5 51. Re8+ Kh7 52. Re7+ Kh8 53. Re8+ Kg7 54. Rg8+ Kh7 55. Re8 Rxg5+ 56. Kf3 Rf5+ 57.
Kg3 Kh6 58. Rh8+ Kg5 59. Re8 h4+ 60. Kh3 Rf3+ 61. Kg2 Rf5 62. Re4 Kh5 63. Bg8 g5 64. Be6 Rf6 65. Bd7 Rd6 66. Be8+ Kh6 67. Re3 g4 68.
Re4 Kg5 69. Re5+ Kf4 70. Rf5+ Kxf5 0-1

[Event "Late-Titled-Tuesday-Blitz-March-05-2024"]
[Site "Chess.com"]
[Date "2024.03.05"]
[Round "3"]
[White "ChessFanNM"]
[Black "steepedgames"]
[Result "0-1"]
[WhiteElo "2285"]
[BlackElo "2539"]
[TimeControl "180+1"]
[EndTime "14:29:32 PST"]
[Termination "steepedgames won by resignation"]

1. Nf3 f5 2. d3 Nf6 3. e4 d6 4.
Nc3 e5 5. d4 fxe4 6. dxe5 exf3 7. exf6 Qxf6 8. Qxf3 Qxf3 9. gxf3 c6 10. Bg5 h6 11.
Bh4 Bf5 12. O-O-O Nd7 13. Bd3 Bxd3 14. Rhe1+ Kf7 15. Rxd3 Nc5 16. Rde3 d5 17. b4 d4 18. R3e2 dxc3 19. bxc5 Bxc5 20. Re5 Ba3+ 21. Kb1 Rhe8 22. f4 Bd6 23. Rxe8 Rxe8 24. Rxe8 Kxe8 25. f5 Bxh2 26.
a4 b5 27. axb5 cxb5 28. Ka2 a5 29. Kb3 Be5 30. f3 Kd7 31. Be1 Kc6 32. f4 Bd4 33. Bh4 Bf6 34. Bf2 Kd5 35. Bb6 Ke4 36. Bxa5 Kxf4 37.
Kb4 Kxf5 38. Kxb5 h5 39. Bc7 Be5 40. Bd8 g5 41. Kc4 Ke4 42. Bxg5 Kf5 43. Bd8 Ke4 44. Be7 Bg7 45. Bd8 Ke3 46. Be7 Kd2 47. Kb3 Bd4 48. Bg5+ Ke2 49. Kc4 Be5 50. Kd5 Bg7 51. Kc4 Kd1 52. Kb3 Ke2 53. Kc4 Kf3 54. Kd3 Kg4 55.
Be7 Kg3 56. Ke4 h4 57. Bd6+ Kg2 58. Ke3 h3 59. Kd3 h2 60. Bxh2 Kxh2 61. Kc4 Kg2 62. Kb3 Kf2 63. Ka2 Ke2 64. Kb1 Kd2 65. Ka1 Kxc2 66. Ka2 Kc1 67. Ka1 c2+ 68. Ka2 Kd2 0-1